AoeStats
← MZTK | GaboxNet .i.

Arabia

508335689Analyzed
1v1 RM · 10d ago on Sep 22, 2026· 29m 34s· 2 players
Game mode
Random Map
Map size
Tiny (2 player)
Population
200
Speed
Normal
Resources
Standard
Victory
Conquest
Starting age
Dark Age
Ending age
Imperial Age
RankedLock teamsTeams togetherTeam positionsShared explorationLock speedFull tech treeHidden civsTurbo modeCheats
Victory
Defeat
🇦🇷 Burgundians · Argentina
1245
+15
🇲🇽 Ethiopians · Mexico
1233
-15
MZTK | GaboxNet .i.
9:45 Feudal Age
9:51 Man-at-Arms
10:21 Loom
13:37 Fletching
21:13 Double-Bit Axe
25:44 Castle Age
25:03 Forging
24:43 Horse Collar
25:25 Gold Mining
26:52 Bow Saw
26:26 Crossbowman
Dr. Lataro
4:22 Double-Bit Axe
7:24 Loom
9:54 Feudal Age
15:48 Horse Collar
22:22 Castle Age
21:41 Gold Mining
22:03 Bow Saw
22:21 Scale Barding Armor
23:30 Chain Barding Armor
22:35 Cavalier
24:52 Forging
27:15 Wheelbarrow
Connection lost

Rejoining the realm…

Still unreachable

The connection could not be restored.

Session expired

The server has moved on; the page needs a fresh start.